 Dungeon Crawl Stone Soup version 0.19-a0-630-g098d46c (webtiles) character file.

123 FitzyFitz the Slasher (level 5, 0/30 HPs)
             Began as a Tengu Gladiator on June 14, 2016.
             Was a Follower of Uskayaw.
             Slain by a hound (2 damage)
             ... on level 3 of the Dungeon.
             The game lasted 00:06:33 (3110 turns).

FitzyFitz the Slasher (Tengu Gladiator)             Turns: 3110, Time: 00:06:34

Health: 0/30       AC:  4    Str: 15    XL:     5   Next: 7%
Magic:  6/6        EV: 13    Int:  9    God:    Uskayaw [*.....]
Gold:   142        SH:  0    Dex: 15    Spells: 1 memorised, 3 levels left

rFire  + . .     SeeInvis .     a - +0 long sword
rCold  . . .     Gourm    .     b - +0 leather armour
rNeg   . . .     Faith    .     (no shield)
rPois  .         Spirit   .     c - +0 hat
rElec  .         Dismiss  .     k - +0 cloak
rCorr  .         Reflect  .     (no gloves)
SustAt .         Harm     .     (boots unavailable)
MR     .....                    (no amulet)
Stlth  +.........               (no ring)
                                l - ring of protection from fire

@: not resistant to hostile enchantments, very unstealthy
A: beak, talons 3, able to fly 1
a: Fly, Stomp, Renounce Religion


You were on level 3 of the Dungeon.
You worshipped Uskayaw.
Uskayaw was aware of your devotion.
You were not hungry.

You visited 1 branch of the dungeon, and saw 4 of its levels.

You collected 142 gold pieces.

Inventory:

Hand Weapons
 a - a +0 long sword (weapon)
 i - a +1 short sword of venom
 p - a +2 trident of flaming
Missiles
 d - 2 throwing nets (quivered)
 e - 103 stones
 v - 20 sling bullets
 z - 7 needles of confusion
 A - 4 javelins
Armour
 b - a +0 leather armour (worn)
 c - a +0 hat (worn)
 k - a +0 cloak (worn)
Jewellery
 l - a ring of protection from fire (left hand)
Wands
 x - a wand of confusion (23/48)
Scrolls
 g - a scroll of blinking
 o - a scroll of teleportation {unknown}
 q - a scroll of immolation
 r - a scroll of remove curse
 t - a scroll of fear {unknown}
 B - a scroll of recharging {unknown}
Potions
 h - 2 potions of curing {unknown}
 j - a potion of degeneration {unknown}
 n - a potion of mutation {unknown}
 s - 2 potions of flight {unknown}
 w - a potion of haste {unknown}
 D - a potion of resistance {unknown}
Books
 y - a book of Debilitation

   Spells                             Type                      Level
   a - Corona                         Hexes                        1
   b - Slow                           Hexes                        2
   c - Gell's Gravitas                Hexes/Translocation          3
   d - Inner Flame                    Hexes/Fire                   3
   e - Cause Fear                     Hexes                        4
   f - Leda's Liquefaction            Hexes/Earth                  4
Comestibles
 f - 4 bread rations
 m - 2 meat rations
 u - 2 slices of pizza


   Skills:
 - Level 2.0 Fighting
 + Level 6.1 Long Blades
 - Level 2.0 Throwing
 - Level 3.2 Dodging


You had 3 spell levels left.
You knew the following spells:

 Your Spells              Type           Power        Failure   Level  Hunger
a - Corona                Hex            #......      52%         1    ##.....


Dungeon Overview and Level Annotations

Branches:
Dungeon (4/15)
 Temple: D:4-7

Altars:
Ashenzari
Okawaru
Uskayaw
Vehumet
Xom
The Shining One

Annotations:
D:4 Edmund


Innate Abilities, Weirdness & Mutations

You have a beak for a mouth.
You have claws for feet.
You can fly.


Message History

The hound bites you.
* * * LOW HITPOINT WARNING * * *
The hound bites you.
* * * LOW HITPOINT WARNING * * *
You closely miss the hound. Your peck misses the hound.
The hound is lightly wounded.
The hound barely misses you. The hound bites you.
* * * LOW HITPOINT WARNING * * *
Evoke which item? (* to show all) (? for menu, Esc to quit)
Zapping:
x - a wand of confusion (will waste charges)
Press: ? - help, Shift-Dir - straight line, f - hound
Aim: a hound (lightly wounded, chance to defeat MR: 54%)
The hound appears confused.
Evoking this partially-identified wand wasted a few charges.
The hound bites you.
* * * LOW HITPOINT WARNING * * *
You slash the hound! Your kick misses the hound.
The hound is severely wounded.
The hound bites you.
You die...

#.# #.#.##########.#.....##...
#.####.#..................##.##
###......############..........#
........## ###.#.####.#
#........# #.#.####.# #.#......#
#.#....#.## #.#......#
#.###.....# #.###.##.###########
#.##....... #.#
#.##........@h.####..........
#.#
#.############......##.......
#.###.# ##########.....# ...##.#
##.#.## .#....# #<#.# ...####
#######.#.# #.## #.>.....#.# ..#
#.#######.## .## #.# #...


You could see a hound (confused).

Vanquished Creatures
  4 gnolls (D:2)
  3 adders
  2 worms
  3 dart slugs
  2 giant cockroaches (D:3)
  7 goblins
  9 hobgoblins
  2 quokkas
  6 bats
  A giant gecko skeleton (D:4)
  2 giant newts (D:1)
  4 kobolds
  3 rats
48 creatures vanquished.

Notes
Turn   | Place    | Note
--------------------------------------------------------------
     0 | D:1      | FitzyFitz the Tengu Gladiator began the quest for the Orb.
     0 | D:1      | Reached XP level 1. HP: 12/12 MP: 2/2
   208 | D:1      | Reached XP level 2. HP: 6/17 MP: 3/3
   577 | D:1      | Reached skill level 4 in Long Blades
  1236 | D:1      | Reached XP level 3. HP: 19/21 MP: 4/4
  1650 | D:1      | Reached skill level 5 in Long Blades
  1688 | D:2      | Reached XP level 4. HP: 24/26 MP: 5/5
  1910 | D:2      | Found a shattered altar of Ashenzari.
  2206 | D:3      | Found a shimmering altar of Xom.
  2207 | D:3      | Found a hide-covered altar of Uskayaw.
  2208 | D:3      | Found an iron altar of Okawaru.
  2211 | D:3      | Became a worshipper of Uskayaw the Reveler
  2214 | D:3      | Found a glowing golden altar of the Shining One.
  2215 | D:3      | Found a radiant altar of Vehumet.
  2222 | D:3      | Learned a level 1 spell: Corona
  2415 | D:3      | Reached * piety under Uskayaw
  2418 | D:3      | Reached skill level 6 in Long Blades
  2872 | D:3      | Gained mutation: You can fly. [Tengu growth]
  2872 | D:3      | Reached XP level 5. HP: 30/30 MP: 6/6
  3081 | D:4      | Reached ** piety under Uskayaw
  3083 | D:4      | Noticed Edmund
  3110 | D:3      | Slain by a hound

Vault maps used:
D:1:      sevenhm_arrival_forest_fort_large_4, serial_forest,
          infiniplex_forest_end_3, infiniplex_forest_clump_small,
          infiniplex_forest_lined_2, infiniplex_forest_end_3,
          infiniplex_forest_straight_1
D:2:      evilmike_ruin_ashenzari, minivault_11
D:3:      minitemple
D:4:      first_bread, minmay_cut_off, uniq_edmund

Skill      XL: |  1  2  3  4 |
---------------+-------------+-----
Long Blades    | 4 5 6 |  6.1
Fighting       | |  2.0
Throwing       | |  2.0
Dodging        | |  3.2

Action                   |  1- 3 |  4- 6 || total
-------------------------+-------+-------++-------
Melee: Long sword        |    12 |    46 ||    58
       Short sword       |    61 |    14 ||    75
       Kick              |    16 |    15 ||    31
       Peck              |    10 |     8 ||    18
Throw: Throwing net      |     2 |       ||     2
Evoke: Wand              |       |     1 ||     1
  Use: Scroll            |       |     3 ||     3
 Stab: Sleeping          |     1 |     1 ||     2
       Distracted        |       |     1 ||     1
  Eat: Chunk             |     2 |     5 ||     7
Armor: Leather armour    |    16 |     8 ||    24
Dodge: Dodged            |    59 |    39 ||    98
